 Dungeon Crawl Stone Soup version 0.28-a0-1510-gd0f6b136d3 (webtiles) character file.

Game seed: 17311419371250890312

501 bladeefan the Grave Robber (level 6, -7/41 HPs)
             Began as a Demonspawn Necromancer on Jan 15, 2022.
             Killed from afar by a steam dragon (19 damage)
             ... with a ball of steam
             ... on level 4 of the Dungeon.
             The game lasted 00:11:06 (5195 turns).

bladeefan the Grave Robber (Demonspawn Necromancer) Turns: 5195, Time: 00:11:06

Health: -7/41      AC:  3    Str:  8    XL:     6   Next: 95%
Magic:  5/11       EV: 13    Int: 19    God:
Gold:   197        SH:  0    Dex: 13    Spells: 7/12 levels left

rFire   . . .      SeeInvis .   (no weapon)
rCold   . . .      Faith    .   (no shield)
rNeg    . . .      Spirit   .   a - +0 robe
rPois   +          Reflect  .   (no helmet)
rElec   .          Harm     .   (no cloak)
rCorr   .          Rampage  .   (no gloves)
Will    .....                   (no boots)
Stlth   ++........              (no amulet)
HPRegen 0.13/turn               l - ring of poison resistance
MPRegen 0.12/turn               (no ring)

@: no status effects
A: hooves 1, powered by death 1, spiny 2, sharp scales 1
a: no special abilities


You were on level 4 of the Dungeon.
You visited 1 branch of the dungeon, and saw 4 of its levels.

You collected 197 gold pieces.

Inventory:

Missiles
 j - a throwing net {!f}
Armour
 a - a +0 robe (worn)
 c - a +0 helmet
   (You took it off Robin on level 2 of the Dungeon)
 h - a +0 cloak
   (You took it off Crazy Yiuf on level 2 of the Dungeon)
Jewellery
 l - a ring of poison resistance (left hand)
   (You found it on level 3 of the Dungeon)
Scrolls
 e - 3 scrolls of fog
 f - 2 scrolls of teleportation {@r4}
 k - 2 scrolls of enchant armour
 m - a scroll of torment {unknown}
Potions
 b - a potion of resistance
 d - a potion of heal wounds {unknown}
 g - 2 potions of degeneration {unknown}
 i - a potion of curing {unknown}
 n - 2 potions of might {unknown}


   Skills:
 + Level 3.7 Dodging
 + Level 4.0 Stealth
 + Level 3.8 Spellcasting
 + Level 5.9 Necromancy


You had 7 spell levels left.
You knew the following spells:

 Your Spells              Type           Power      Damage    Failure   Level
a - Pain                  Necr           100%       1d9       1%          1
u - Animate Dead          Necr           13%        N/A       12%         4

Your spell library contained the following spells:

 Spells                   Type           Power      Damage    Failure   Level
 Animate Skeleton         Necr           52%        N/A       1%          1
 Vampiric Draining        Necr           26%        2d7       3%          3
 Agony                    Necr           26%        N/A       32%         5
 Summon Guardian Golem    Hex/Summ       3%         N/A       38%         3
 Orb of Destruction       Conj           1%         9d5       100%        7
 Spellforged Servitor     Conj/Summ      1%         N/A       100%        7


Dungeon Overview and Level Annotations

Branches:
Dungeon (4/15)
 Temple: D:4-7

Altars:
Hepliaklqana
Xom


Innate Abilities, Weirdness & Mutations

You have large cloven feet.
You regenerate a little health from kills.
You are mostly covered in sharp spines.
You are partially covered in razor-sharp scales. (AC +1, Slay +1)


Message History

You swap places.
You swap places.
The orc writhes in agony!
You kill the orc!
Your hobgoblin zombie crumbles into dust!
Your quokka zombie crumbles into dust!
Things that are here:
a +0 flail; an orc corpse
Found 16 gold pieces.
Found 5 poisoned darts and a long sword.
You now have 197 gold pieces (gained 16).
A goblin comes into view. It is wielding a +0 dagger.
A goblin is nearby!
An ogre comes into view. It is wielding a +0 giant spiked club.
The goblin shouts!
The ogre writhes in agony!
The ogre barely resists.
The ogre barely resists.
The ogre is struck by your spines. The ogre barely misses you.
The ogre barely resists.
The ogre barely resists.
The ogre is struck by your spines. The ogre closely misses you.
The goblin completely misses you.
A steam dragon comes into view.
The ogre writhes in agony.
The steam dragon hisses angrily.
The ogre barely misses you. The goblin misses you.
The ogre writhes in agony.
You kill the ogre!
The goblin is struck by your spines.
You kill the goblin!
Your Stealth skill increases to level 4!
The steam dragon breathes steam at you. The ball of steam hits you!
There is an escape hatch in the floor here.
The steam dragon writhes in agony.
The steam dragon writhes in agony.
The steam dragon breathes steam at you. The ball of steam hits you!
* * * LOW HITPOINT WARNING * * *
You are too injured to fight recklessly!
Really walk into that cloud of steam? [Y]es or [N]o only, please.
Really walk into that cloud of steam? [Y]es or [N]o only, please.
Really walk into that cloud of steam?
Okay, then.
A steam dragon is nearby!
The steam dragon breathes steam at you. The ball of steam hits you!!
You die...

..#####......########.####...
........................##<.#
.######.................###.#
#.................# #.#
..#.####.#.#.........#.#####.#
..............................
###.####.###.........#######..
#.###..............# ##.
...........@######## #.
..###......§# ## #.....§.# #
#...).§.# ####### #...†.D.#
#...... #.....§§# #......
#.....§.######## #......
#.......§...)..# #......
#......§.......# #......


You could see a steam dragon (catching breath).

Vanquished Creatures
  An ogre (D:4)
  A scorpion (D:4)
  Crazy Yiuf (D:2)
  Jessica (D:2)
  An iguana (D:3)
  Natasha (thrice) (D:2)
  2 hound skeletons (D:4)
  A howler monkey zombie (D:4)
  Robin (D:2)
  7 adders
  4 gnolls
  A dart slug (D:3)
  2 orcs
  2 ball pythons
  3 endoplasms
  2 giant cockroaches
  13 goblins
  5 hobgoblins
  3 quokkas
  A bat (D:3)
  13 frilled lizards
  3 kobolds
71 creatures vanquished.

Vanquished Creatures (others)
  8 plants (D:3)
8 creatures vanquished.

Grand Total: 79 creatures vanquished

Notes
Turn   | Place    | Note
-------+----------+-------------------------------------------
     0 | D:1      | bladeefan the Demonspawn Necromancer began the quest for
                  | the Orb.
     0 | D:1      | Reached XP level 1. HP: 13/13 MP: 3/3
   223 | D:1      | Found a faded altar of an unknown god.
  1126 | D:2      | Gained mutation: You are partially covered in sharp spines.
                  | [demonic ancestry]
  1126 | D:2      | Reached XP level 2. HP: 7/19 MP: 5/5
  1375 | D:2      | Noticed Robin
  1910 | D:2      | Gained mutation: You are partially covered in razor-sharp
                  | scales. (AC +1, Slay +1) [demonic ancestry]
  1910 | D:2      | Reached XP level 3. HP: 21/24 MP: 2/6
  2172 | D:2      | Noticed Natasha
  2182 | D:2      | Killed Natasha
  2304 | D:2      | Noticed Jessica
  2312 | D:2      | Killed Jessica
  2313 | D:2      | Reached skill level 5 in Necromancy
  2313 | D:2      | Gained mutation: You have large cloven feet. [demonic
                  | ancestry]
  2313 | D:2      | Reached XP level 4. HP: 26/30 MP: 3/8
  2315 | D:2      | Killed Robin
  2429 | D:2      | Found a runed translucent door.
  2430 | D:2      | Noticed Crazy Yiuf
  2641 | D:2      | Noticed Natasha
  2656 | D:2      | Killed Natasha
  2734 | D:2      | Noticed Natasha
  2739 | D:2      | Killed Natasha
  2740 | D:2      | Gained mutation: You regenerate a little health from kills.
                  | [demonic ancestry]
  2740 | D:2      | Reached XP level 5. HP: 31/35 MP: 4/9
  2828 | D:2      | Killed Crazy Yiuf
  4160 | D:3      | Gained mutation: You are mostly covered in sharp spines.
                  | [demonic ancestry]
  4160 | D:3      | Reached XP level 6. HP: 41/41 MP: 9/11
  4496 | D:3      | Learned a level 4 spell: Animate Dead
  4826 | D:4      | Found a hazy altar of Hepliaklqana.
  4827 | D:4      | Found a shimmering altar of Xom.
  4828 | D:4      | Noticed a spectral ugly thing
  5172 | D:4      | Noticed a steam dragon
  5195 | D:4      | Killed from afar by a steam dragon

Illustrated notes

Levels and vault maps discovered:
D:1:      ncdulo_watergridlock, layout_loops_corners,
          hellmonk_ecumenical_altar_blasted
D:2:      layout_loops_cross, uniq_crazy_yiuf_cottage, uniq_natasha,
          uniq_jessica, uniq_robin
D:3:      layout_loops_ring, minmay_lizard_king
D:4:      layout_basic, regret_index_temple_of_mockery

Skill      XL: |  1  2  3  4  5  6 |
---------------+-------------------+-----
Stealth        | 2 3 4 |  4.0
Dodging        | 2 3 |  3.7
Necromancy     | 5 |  5.9
Spellcasting   | 3 |  3.8

Action                   |  1- 3 |  4- 6 || total
-------------------------+-------+-------++-------
Melee: Unarmed           |     9 |    13 ||    22
       Kick              |       |     3 ||     3
 Cast: Pain              |    43 |   101 ||   144
       Animate Dead      |       |     1 ||     1
  Use: Scroll            |     2 |     3 ||     5
       Potion            |     1 |       ||     1
Armor: Robe              |     5 |     5 ||    10
Dodge: Dodged            |    29 |    31 ||    60

Table legend: (Time is in decaauts)
 A = Elapsed time spent in this place.
 B = Non-inter-level travel time spent in this place.
 C = Inter-level travel time spent in this place.
 D = Time resting spent in this place.
 E = Time spent auto-exploring this place.
 F = Levels seen in this place.
 G = Mean time per level.
                   A        B        C        D        E       F      G
               +--------+--------+--------+--------+--------+-----+--------+
         Total |   5215 |   5101 |    114 |    945 |   3485 |   4 | 1303.8 |
       Dungeon |   5215 |   5101 |    114 |    945 |   3485 |   4 | 1303.8 |
               +--------+--------+--------+--------+--------+-----+--------+

Top non-repeatable levels by time:
     D:2: 1900 daAuts
     D:1: 1516 daAuts
     D:3: 1142 daAuts
     D:4: 655 daAuts
